 Dungeon Crawl Stone Soup version 0.18.1-48-g4cf74bf (console) character file.

114956 Kloppie the Severer (level 16, -6/155 HPs)
             Began as a Minotaur Berserker on June 24, 2016.
             Was a High Priest of Trog.
             Shot with a bolt by Vashnia (36 damage)
             ... on level 2 of the Snake Pit.
             The game lasted 01:07:43 (29079 turns).

Kloppie the Severer (Minotaur Berserker)           Turns: 29079, Time: 01:07:43

Health: -6/155     AC: 25    Str: 26    XL:     16   Next: 17%
Magic:  15/15      EV: 22    Int:  4    God:    Trog [*****.]
Gold:   2394       SH:  0    Dex: 25    Spells: 0 memorised, 15 levels left

rFire  + + +     SeeInvis .     w - +0 battleaxe (freeze)
rCold  . . .     Gourm    .     K - +1 plate armour {rPois}
rNeg   . . .     Faith    .     (shield currently unavailable)
rPois  +         Spirit   .     (helmet restricted)
rElec  +         Dismiss  .     O - +0 cloak
rCorr  .         Reflect  .     (no gloves)
SustAt .         Harm     .     q - +3 pair of boots of Insecurity {*Contam rElec rF++ Stlth+}
MR     ++++.                    U - amulet of regeneration
Stlth  +.........               v - ring of Mookhoil {rF+ Str-2 Dex+4 Stlth+}
                                e - ring of protection from magic

@: mighty, agile, regenerating, studying Crossbows, incredibly resistant to
hostile enchantments, very unstealthy
A: retaliatory headbutt, hooves 1, horns 2
a: Berserk, Trog's Hand, Brothers in Arms, Burn Spellbooks, Renounce Religion


You were on level 2 of the Snake Pit.
You worshipped Trog.
Trog was extremely pleased with you.
You were not hungry.

You visited 4 branches of the dungeon, and saw 27 of its levels.
You also visited: Labyrinth and Ice Cave.

You collected 2845 gold pieces.
You spent 451 gold pieces at shops.

Inventory:

Hand Weapons
 a - the +1 war axe of the Hierophant {chop, rN+ MR+}
   (You found it on level 5 of the Lair of Beasts)

   It inflicts extra damage upon your enemies.
   It protects you from negative energy.
   It affects your resistance to hostile enchantments.
 b - a +2 hand axe of flaming
 w - a +0 battleaxe of freezing (weapon)
 P - a +5 vampiric executioner's axe
Armour
 q - the +3 pair of boots of Insecurity (worn) {*Contam rElec rF++ Stlth+}
   (You acquired it on level 4 of the Lair of Beasts)

   It greatly protects you from fire.
   It insulates you from electricity.
   It causes magical contamination when unequipped.
   It makes you more stealthy.
 t - a +2 plate armour of cold resistance
 K - a +1 plate armour of poison resistance (worn)
 O - a +0 cloak (worn)
Jewellery
 e - a ring of protection from magic (left hand)
 k - an uncursed ring of flight
 p - an uncursed ring of poison resistance
 u - an uncursed ring of protection from fire
 v - the ring of Mookhoil (right hand) {rF+ Str-2 Dex+4 Stlth+}
   (You bought it in a shop on level 2 of the Orcish Mines)

   [ring of protection from fire]

   It affects your strength (-2).
   It affects your dexterity (+4).
   It protects you from fire.
   It makes you more stealthy.
 z - an uncursed ring of protection from cold
 B - an uncursed ring of see invisible
 U - an amulet of regeneration (around neck)
Wands
 i - a wand of teleportation (4/9)
 o - a wand of digging (12/24)
 A - a wand of teleportation (7/9)
 G - a wand of iceblast (8/15)
 N - a wand of heal wounds (0/9)
Scrolls
 f - 6 scrolls of remove curse
 r - 3 scrolls of noise
 s - 3 scrolls of fog
 y - 4 scrolls of enchant armour
 C - 6 scrolls of teleportation
 D - 4 scrolls of identify
 F - 2 scrolls of enchant weapon
 T - a scroll of blinking
Potions
 g - 4 potions of haste
 h - 16 potions of curing
 n - 5 potions of flight
 x - a potion of might
 E - 3 potions of mutation
 H - 3 potions of lignification
 I - 4 potions of cancellation
 J - 2 potions of agility
 L - 4 potions of cure mutation
 M - 4 potions of ambrosia
 W - 2 potions of berserk rage
Books
 l - a manual of Crossbows
Comestibles
 c - 16 bread rations
 d - 11 slices of pizza
 j - 6 beef jerkies
 m - 7 meat rations


   Skills:
 + Level 17.4 Fighting
 - Level 20.0 Axes
 + Level 17.0 Armour
 - Level 11.0 Dodging


You had 15 spell levels left.
You didn't know any spells.

Dungeon Overview and Level Annotations

Branches:
Dungeon (15/15)            Temple (0/1) D:7            Lair (8/8) D:10
 Shoals (0/4) Lair:5        Snake (2/4) Lair:3        Slime (0/6) Lair:8
    Orc (2/2) D:9             Elf (0/3) Orc:2        Vaults (0/5) D:14
 Depths: D:15

Altars:
Elyvilon
Fedhas
Gozag
Kikubaaqudgha
Makhleb
Okawaru
Pakellas
Qazlal
Ru
Sif Muna
Vehumet
Xom
Yredelemnul
The Shining One
Jiyva

Shops:
D:6 *   D:10 %   Orc:2 =[(%

Annotations:
D:15 Rupert
Lair:8 1 runed door
Snake:2 Vashnia


Innate Abilities, Weirdness & Mutations

You reflexively headbutt those who attack you in melee.
You have a pair of horns on your head.
You have large cloven feet.


Message History

The naga sharpshooter casts a spell.
The naga sharpshooter magically shoots an arrow.
The arrow hits you!
* * * LOW HITPOINT WARNING * * *
You slash the naga sharpshooter! You freeze the naga sharpshooter.
You headbutt the naga sharpshooter!
You kill the naga sharpshooter!
Trog accepts your kill.
Trog appreciates your killing of a magic user.
Your skin stops crawling.
You feel less resistant to hostile enchantments.
Your skin crawls.
You feel resistant to hostile enchantments.
You feel slightly more hungry.
Your ogre rages.
You swap places.
Vashnia spits poison at you. The splash of poison misses you.
Vashnia shoots a bolt.
The bolt hits you!!!
You die...

...NN#. #.###
#....## ....#
#....##....#
#..>......#
##(!.....#
#(#.#[....# #(#.#
....# ###...## ..
##.O@)..##.#
#).##N.....#
##)###<..##.##
#####.)))(..()...###
......((.).()(.....#
#....#..((.##...##.#
#....########......#
#...## ######## #.##


You could see Vashnia and a friendly ogre (berserk).

Vanquished Creatures
  Frances (Snake:1)
  2 greater nagas
  A frost giant (IceCv)
  Louise (Snake:1)
  A deep elf demonologist (Orc:2)
  A dire elephant (Lair:8)
  A minotaur (Lab)
  The ghost of nobody the Fighter, a journeyman MiBe of Trog (IceCv)
  Josephine (Lair:3)
  5 naga warriors
  3 hydras
  Harold (Lair:4)
  2 catoblepae
  2 centaur warriors (D:13)
  3 anacondas
  An ogre mage (D:14)
  A death yak (IceCv)
  5 orc high priests (Orc:2)
  2 tengu warriors (D:14)
  7 naga sharpshooters
  Nergalle (D:11)
  A skeletal warrior (D:14)
  A shock serpent (Snake:1)
  A salamander mystic (Snake:2)
  2 unseen horrors (D:11)
  A naga ritualist (Snake:1)
  A lindwurm (Lair:7)
  A deep elf archer (D:14)
  6 orc knights
  8 hill giants
  5 ugly things (D:14)
  5 cyclopes
  3 deep elf magi (D:14)
  A salamander (Snake:1)
  2 griffons
  A siren (Lair:5)
  Maurice (D:8)
  12 black mambas
  3 naga magi
  An ice statue (IceCv)
  7 elephants
  A guardian serpent (Snake:1)
  17 spiny frogs
  2 molten gargoyles (D:13)
  3 rime drakes
  10 komodo dragons
  4 two-headed ogres
  6 trolls
  19 polar bears
  Grinder (D:3)
  A harpy skeleton (D:14)
  7 blink frogs
  A slime creature (D:11)
  3 shadows
  An air elemental (D:10)
  75 yaks
  3 water elementals
  A wyvern (D:13)
  5 wraiths
  A fire elemental (D:10)
  Eustachio (D:4)
  13 hippogriffs
  5 basilisks
  A hungry ghost (D:10)
  10 vampire mosquitoes
  6 nagas
  2 mottled dragons
  2 wargs
  A soldier ant (D:13)
  11 porcupines
  Duvessa (D:5)
  21 water moccasins
  47 orc warriors
  7 sky beasts
  3 eyes of draining
  A black bear (D:7)
  15 ogres
  8 ice beasts
  7 centaurs
  25 wolves
  11 crocodiles
  6 big kobolds
  An earth elemental (D:10)
  12 giant frogs
  A gnoll sergeant (D:5)
  Dowan (D:5)
  2 wyvern skeletons (D:14)
  7 scorpions
  A killer bee (D:11)
  2 wights (D:11)
  An electric eel (Lair:4)
  5 crimson imps
  A giant frog zombie (D:12)
  5 lava snakes (D:13)
  2 quasits
  4 jellies
  6 centaur skeletons
  11 hounds
  32 orc wizards
  5 giant frog skeletons
  2 gnoll shamans
  38 orc priests
  Terence (D:2)
  10 iguanas
  Natasha (thrice) (D:3)
  2 hell rats (Lair:4)
  11 worker ants
  2 hound skeletons
  Robin (D:2)
  A howler monkey skeleton (D:7)
  17 gnolls
  14 adders
  88 river rats
  3 shadow imps
  2 oozes (D:1)
  2 adder skeletons
  3 worms
  2 dart slugs
  A giant gecko (D:3)
  123 orcs
  2 ball pythons (D:5)
  3 giant cockroaches
  16 goblins
  4 hobgoblins
  13 jackals
  35 kobolds
  A quokka (D:9)
  3 bats (D:1)
  8 giant newts
  3 jackal skeletons
  A quokka skeleton (D:10)
  13 rats
  2 fungi
  6 plants
1006 creatures vanquished.

Vanquished Creatures (collateral kills)
  2 dire elephants (Lair:8)
  A naga sharpshooter (Snake:2)
  3 orc knights (Orc:2)
  5 orc warriors (Orc:2)
  5 orc priests (Orc:2)
  5 orcs (Orc:2)
21 creatures vanquished.

Vanquished Creatures (others)
  A naga mage (Snake:2)
  A river rat (Lair:4)
  An orc (Orc:1)
  A quokka (D:3)
  12 fungi
  10 plants
26 creatures vanquished.

Grand Total: 1053 creatures vanquished

Notes
Turn   | Place    | Note
--------------------------------------------------------------
     0 | D:1      | Kloppie the Minotaur Berserker began the quest for the Orb.
     0 | D:1      | Reached XP level 1. HP: 19/19 MP: 0/0
   299 | D:1      | Reached skill level 4 in Axes
   299 | D:1      | Reached XP level 2. HP: 27/27 MP: 1/1
   464 | D:1      | Reached ** piety under Trog
   464 | D:1      | Reached XP level 3. HP: 31/33 MP: 2/2
  1056 | D:2      | Reached skill level 5 in Axes
  1102 | D:2      | Reached XP level 4. HP: 39/41 MP: 3/3
  1172 | D:2      | Noticed Terence
  1184 | D:2      | Killed Terence
  1184 | D:2      | Reached skill level 5 in Fighting
  1411 | D:2      | Noticed Robin
  1430 | D:2      | Killed Robin
  1680 | D:2      | Reached *** piety under Trog
  1696 | D:2      | Reached XP level 5. HP: 40/48 MP: 4/4
  2023 | D:3      | Found a stormy altar of Qazlal.
  2088 | D:3      | Noticed Natasha
  2094 | D:3      | Killed Natasha
  2149 | D:3      | Found a white marble altar of Elyvilon.
  2150 | D:3      | Noticed Natasha
  2153 | D:3      | Killed Natasha
  2217 | D:3      | Reached skill level 6 in Axes
  2244 | D:3      | Noticed Natasha
  2250 | D:3      | Killed Natasha
  2262 | D:3      | Reached XP level 6. HP: 27/57 MP: 5/5
  2615 | D:3      | Noticed Grinder
  2637 | D:3      | Killed Grinder
  2637 | D:3      | Reached skill level 7 in Axes
  2637 | D:3      | Reached XP level 7. HP: 58/66 MP: 6/6
  2759 | D:4      | Noticed Eustachio
  3260 | D:4      | Killed Eustachio
  3351 | D:4      | Reached skill level 8 in Axes
  3392 | D:4      | Found a burning altar of Makhleb.
  3527 | D:4      | Found a deep blue altar of Sif Muna.
  3527 | D:4      | Found an ancient bone altar of Kikubaaqudgha.
  3529 | D:4      | Found a radiant altar of Vehumet.
  3552 | D:5      | Entered Level 5 of the Dungeon
  3569 | D:5      | Reached XP level 8. HP: 50/77 MP: 7/7
  3755 | D:5      | Reached skill level 9 in Axes
  4056 | D:5      | Found a sacrificial altar of Ru.
  4136 | D:5      | Noticed Duvessa
  4138 | D:5      | Noticed Dowan
  4149 | D:5      | Killed Duvessa
  4159 | D:5      | Killed Dowan
  4325 | D:5      | Found an opulent altar of Gozag.
  4379 | D:5      | Reached skill level 10 in Axes
  4446 | D:5      | Reached skill level 10 in Fighting
  4894 | D:6      | Found Suimol's Assorted Antiques.
  4898 | D:6      | Bought a pink potion for 22 gold pieces
  5384 | D:6      | Reached XP level 9. HP: 86/86 MP: 8/8
  5704 | D:7      | Found a staircase to the Ecumenical Temple.
  5797 | D:7      | Found an oddly glowing altar of Pakellas.
  5843 | D:7      | Reached skill level 11 in Axes
  6180 | D:7      | Found a basalt altar of Yredelemnul.
  7195 | D:8      | Reached **** piety under Trog
  7195 | D:8      | Reached skill level 12 in Axes
  7495 | D:8      | Found a blossoming altar of Fedhas.
  7698 | D:8      | Reached XP level 10. HP: 80/97 MP: 9/9
  7733 | D:8      | Noticed Maurice
  7749 | D:8      | Killed Maurice
  7957 | D:8      | Found a shimmering altar of Xom.
  7957 | D:8      | Found an iron altar of Okawaru.
  7960 | D:8      | Reached skill level 5 in Armour
  8187 | D:9      | Reached skill level 5 in Dodging
  8198 | D:9      | Reached ***** piety under Trog
  8768 | D:9      | Found a glowing golden altar of the Shining One.
  9110 | D:9      | Found a staircase to the Orcish Mines.
  9140 | D:9      | Received a gift from Trog
  9679 | D:10     | Entered Level 10 of the Dungeon
  9836 | D:10     | Found a large runed door.
  9837 | D:10     | Found a large runed door.
 10024 | D:10     | Reached XP level 11. HP: 104/104 MP: 10/10
 10212 | D:10     | Gained mutation: You have large cloven feet. [potion of beneficial mutation]
 10237 | D:10     | Found a staircase to the Lair.
 10429 | D:10     | Found Icamuun's Food Shoppe.
 10867 | Lair:1   | Entered Level 1 of the Lair of Beasts
 11203 | Lair:1   | Reached skill level 10 in Armour
 11222 | Lair:1   | Found a frozen archway.
 11236 | Lair:1   | Received a gift from Trog
 11242 | IceCv    | Entered an ice cave
 11251 | IceCv    | Noticed nobody's ghost (journeyman MiBe)
 11315 | IceCv    | Killed nobody's ghost
 11770 | IceCv    | Reached skill level 13 in Axes
 11927 | IceCv    | Reached XP level 12. HP: 107/113 MP: 11/11
 12834 | IceCv    | Noticed a frost giant
 12834 | IceCv    | Noticed a death yak
 12851 | IceCv    | Killed a death yak
 12871 | IceCv    | Killed a frost giant
 12871 | IceCv    | Reached skill level 14 in Axes
 13115 | Lair:1   | Found a blossoming altar of Fedhas.
 14810 | Lair:3   | Found a staircase to the Snake Pit.
 14862 | Lair:3   | Received a gift from Trog
 14941 | Lair:3   | Reached skill level 15 in Fighting
 14962 | Lair:3   | Reached skill level 15 in Axes
 15489 | Lair:3   | Reached XP level 13. HP: 127/127 MP: 12/12
 15716 | Lair:4   | Noticed Harold
 15747 | Lair:4   | Killed Harold
 16369 | Lair:4   | Identified a scroll of acquirement
 16370 | Lair:4   | Got a pair of heavily runed boots
 16376 | Lair:4   | Identified the +3 pair of boots of Insecurity {*Contam rElec rF++ Stlth+} (You acquired it on level 4 of the Lair of Beasts)
 17061 | Lair:5   | Found a staircase to the Shoals.
 17063 | Lair:5   | Got a scorched war axe
 17081 | Lair:5   | Identified the +1 war axe of the Hierophant {chop, rN+ MR+} (You found it on level 5 of the Lair of Beasts)
 17098 | Lair:5   | Reached skill level 16 in Axes
 17414 | Lair:6   | Found a labyrinth entrance.
 17484 | Lab      | Entered a labyrinth
 17813 | Lab      | Noticed a minotaur
 17825 | Lab      | Killed a minotaur
 17881 | Lab      | Got a bound brass amulet
 17897 | Lair:5   | Identified the amulet of Giuhof {Faith Dex+7} (You found it in a labyrinth)
 17934 | Lair:6   | Reached skill level 10 in Dodging
 18073 | Lair:6   | Received a gift from Trog
 18761 | Lair:7   | Received a gift from Trog
 19236 | Lair:7   | Reached XP level 14. HP: 138/138 MP: 13/13
 19430 | Lair:1   | Upgraded the game from 0.18.1-47-g9310371 to 0.18.1-48-g4cf74bf
 19504 | Orc:1    | Entered Level 1 of the Orcish Mines
 19839 | Orc:2    | Entered Level 2 of the Orcish Mines
 19843 | Orc:2    | Received a gift from Trog
 20070 | Orc:2    | Found a staircase to the Elven Halls.
 20542 | Orc:2    | Noticed a Hell Sentinel
 21596 | Orc:2    | Found Inkas's Food Emporium.
 21599 | Orc:2    | Found Neulooc's Armour Emporium.
 21600 | Orc:2    | Found Popev's Jewellery Emporium.
 21601 | Orc:2    | Found Zoiqio Huxt's Antique Weapon Shoppe.
 21612 | Orc:2    | Bought the ring of Mookhoil {rF+ Str-2 Dex+4 Stlth+} for 429 gold pieces
 22079 | D:11     | Reached skill level 15 in Armour
 22330 | D:11     | Noticed Nergalle
 22352 | D:11     | Killed Nergalle
 23102 | D:11     | Received a gift from Trog
 23371 | D:12     | Found a sacrificial altar of Ru.
 24092 | D:13     | Reached skill level 17 in Axes
 24245 | D:13     | Reached XP level 15. HP: 18/145 MP: 14/14
 24779 | D:15     | Entered Level 15 of the Dungeon
 24779 | D:15     | Noticed Rupert
 24819 | D:14     | Reached ****** piety under Trog
 24837 | D:14     | Received a gift from Trog
 24856 | D:14     | Reached skill level 18 in Axes
 25461 | D:14     | Found a gate to the Vaults.
 25892 | Lair:8   | Entered Level 8 of the Lair of Beasts
 26008 | Lair:8   | Found a runed door.
 26009 | Lair:8   | Found a viscous altar of Jiyva.
 26119 | Lair:8   | Reached skill level 19 in Axes
 26216 | Lair:8   | Received a gift from Trog
 26620 | Lair:8   | Noticed an acid blob
 26620 | Lair:8   | Noticed an acid blob
 26621 | Lair:8   | Found a staircase to the Slime Pits.
 27261 | Snake:1  | Entered Level 1 of the Snake Pit
 27261 | Snake:1  | Noticed Josephine
 27273 | Lair:3   | Killed Josephine
 27310 | Snake:1  | Noticed Frances
 27448 | Snake:1  | Killed Frances
 27458 | Snake:1  | Reached skill level 20 in Axes
 28631 | Snake:1  | Noticed Louise
 28653 | Snake:1  | Killed Louise
 28736 | Snake:2  | Noticed a greater naga
 28842 | Snake:1  | Noticed a greater naga
 28853 | Snake:1  | Killed a greater naga
 28853 | Snake:1  | Reached XP level 16. HP: 117/155 MP: 15/15
 28973 | Snake:2  | Noticed Vashnia
 29064 | Snake:2  | HP: 5/155 [naga sharpshooter/arrow[Vashnia] (15)]
 29079 | Snake:2  | Shot with a bolt by Vashnia

Skill      XL: |  1  2  3  4  5  6  7  8  9 10 11 12 13 14 15 16 |
---------------+-------------------------------------------------+-----
Fighting       | 4 5 6 7 8 10 11 12 15 16 17 | 17.4
Axes           | 4 5 6 7 8 10 12 13 15 16 17 20 | 20.0
Armour         | 4 8 10 12 16 17 | 17.0
Dodging        | 3 8 9 11 | 11.0

Action                   |  1- 3 |  4- 6 |  7- 9 | 10-12 | 13-15 | 16-18 || total
-------------------------+-------+-------+-------+-------+-------+-------++-------
Melee: Hand axe          |   106 |    97 |   309 |       |    17 |       ||   529
       Headbutt          |    14 |    19 |    89 |   255 |   490 |    11 ||   878
       War axe           |       |       |    53 |  1001 |  1641 |    15 ||  2710
       Kick              |       |       |       |   289 |    52 |       ||   341
       Battleaxe         |       |       |       |       |       |    21 ||    21
Invok: Berserk           |       |     1 |     4 |     3 |     4 |       ||    12
       Trog's Hand       |       |     3 |    10 |    19 |    26 |     3 ||    61
       Brothers in Arms  |       |       |       |       |     5 |     2 ||     7
Evoke: Wand              |       |       |       |     7 |       |       ||     7
  Use: Scroll            |       |       |    24 |     9 |    12 |       ||    45
       Potion            |       |       |       |     4 |     1 |     5 ||    10
 Stab: Distracted        |       |       |       |       |     1 |       ||     1
  Eat: Chunk             |     1 |     6 |    10 |    12 |    27 |       ||    56
       Pizza             |       |       |     1 |       |     1 |     1 ||     3
       Meat ration       |       |       |     2 |     4 |     4 |       ||    10
       Fruit             |       |       |     1 |       |     1 |       ||     2
       Royal jelly       |       |       |       |       |     2 |       ||     2
Armor: Animal skin       |     1 |       |       |       |       |       ||     1
       Ring mail         |    51 |    20 |   102 |       |       |       ||   173
       Plate armour      |       |       |    15 |   504 |   875 |    38 ||  1432
Dodge: Dodged            |    72 |    53 |   196 |   472 |   999 |    38 ||  1830
